 Dungeon Crawl Stone Soup version 0.29-a0-330-g52719c12eb (webtiles) character file.

Game seed: 17677854399673615439

2217 kae the Firebug (level 8, -2/60 (62) HPs)
             Began as a Demigod Fire Elementalist on May 19, 2022.
             Slain by a wight
             ... wielding a +0 flail
              (8 damage)
             ... on level 8 of the Dungeon.
             The game lasted 00:05:15 (7193 turns).

kae the Firebug (Demigod Fire Elementalist)         Turns: 7193, Time: 00:05:16

HP:   -2/60 (62)    AC:  5    Str:  9    XL:     8   Next: 90%
MP:   3/19          EV: 13    Int: 25    God:
Gold: 318           SH:  0    Dex: 14    Spells: 4/17 levels left

rFire   . . .      SeeInvis .   h - +1 rapier (freeze)
rCold   . . .      Faith    .   (no shield)
rNeg    . . .      Spirit   .   a - +0 robe
rPois   +          Reflect  .   (no helmet)
rElec   .          Harm     .   (no cloak)
rCorr   .          Rampage  .   o - +2 pair of gloves
Will    .....                   (no boots)
Stlth   ++........              (no amulet)
HPRegen 0.20/turn               c - ring of wizardry
MPRegen 0.16/turn               i - ring of poison resistance

@: lightly drained
A: high MP 1, forlorn, divine attributes
a: no special abilities


You were on level 8 of the Dungeon.
You visited 1 branch of the dungeon, and saw 9 of its levels.

You collected 318 gold pieces.

Inventory:

Hand Weapons
 h - a +1 rapier of freezing (weapon)
Armour
 a - a +0 robe (worn)
 o - a +2 pair of gloves (worn)
Jewellery
 c - a ring of wizardry (left hand)
 i - a ring of poison resistance (right hand)
 s - a ring of protection from cold
Wands
 u - a wand of flame (18)
 y - a wand of paralysis (10)
Scrolls
 e - 3 scrolls of amnesia
 j - a scroll of fog
 k - a scroll of identify
 m - a scroll of teleportation
 w - a scroll of fear
Potions
 b - 2 potions of magic
 d - 4 potions of curing
 f - 4 potions of flight
 g - 2 potions of haste
 l - a potion of berserk rage {unknown}
 n - a potion of cancellation {unknown}
 p - 2 potions of heal wounds {unknown}
 q - a potion of mutation {unknown}
 r - a potion of attraction {unknown}
 A - 2 potions of resistance {unknown}


   Skills:
 + Level 2.3 Fighting
 + Level 3.1 Dodging
 - Level 1.7 Stealth
 + Level 5.1 Spellcasting
 + Level 5.3 Conjurations
 + Level 7.7 Fire Magic


You had 4 spell levels left.
You knew the following spells:

 Your Spells              Type           Power      Damage    Failure   Level
a - Foxfire               Conj/Fire      100%       2x1d9     1%          1
b - Scorch                Fire           90%        2d9       1%          2
c - Conjure Flame         Conj/Fire      39%        6-21      1%          3
d - Inner Flame           Hex/Fire       25%        N/A       1%          3
e - Flame Wave            Conj/Fire      39%        2d9       2%          4

Your spell library contained the following spells:

 Spells                   Type           Power      Damage    Failure   Level
 Sticky Flame             Conj/Fire      39%        2d6       2%          4
 Ignite Poison            Fire/Tmut/Pois 19%        N/A       3%          3
 Summon Guardian Golem    Hex/Summ       6%         N/A       10%         3
 Animate Dead             Necr           3%         N/A       32%         4
 Borgnjor's Vile Clutch   Necr/Erth      3%         N/A       63%         5
 Orb of Destruction       Conj           16%        9d7       95%         7
 Death Channel            Necr           3%         N/A       99%         6
 Spellforged Servitor     Conj/Summ      9%         N/A       100%        7


Dungeon Overview and Level Annotations

Branches:
Dungeon (9/15)             Temple (0/1) D:6
   Lair: D:8-11         Orc: D:9-12

Shops:
D:3 (


Innate Abilities, Weirdness & Mutations

You have an increased reservoir of magic. (+10% MP)
You shall have no god before yourself.
Your divine heritage dramatically boosts your attributes as you level up.


Message History

The foxfire hits the kobold.
The kobold is moderately wounded.
Casting: Foxfire (safe; 1% risk of failure)
Confirm with . or Enter, or press ? or * to list all spells.
You conjure some foxfire!
The foxfire hits the kobold.
You kill the kobold!
The foxfire hits the kobold!
You kill the kobold!
Casting: Foxfire (safe; 1% risk of failure)
Confirm with . or Enter, or press ? or * to list all spells.
You conjure some foxfire!
The kobold brigand throws a poisoned dart.
The poisoned dart misses you.
The foxfire hits the wight.
The wight is severely damaged.
The foxfire hits the wight but does no damage.
The wight is severely damaged.
Casting: Foxfire (safe; 1% risk of failure)
Confirm with . or Enter, or press ? or * to list all spells.
You conjure some foxfire!
The foxfire hits the wight but does no damage.
The wight is severely damaged.
The foxfire hits the wight.
The wight is almost destroyed.
Casting: Foxfire (safe; 1% risk of failure)
Confirm with . or Enter, or press ? or * to list all spells.
You conjure some foxfire!
The wight closely misses you.
The foxfire hits the wight but does no damage.
The wight is almost destroyed.
The foxfire hits the kobold brigand but does no damage.
The kobold brigand is moderately wounded.
The wight hits you with a +0 flail!
* * * LOW HITPOINT WARNING * * *
You feel drained.
* * * LOW HITPOINT WARNING * * *
Casting: Foxfire (safe; 1% risk of failure)
Confirm with . or Enter, or press ? or * to list all spells.
You conjure some foxfire!
The wight hits you with a +0 flail!
You die...

...... .....^
.... #)). #..
))# #.# #)#
#.#
####K####..
#≈≈vz≈≈≈#.#
#≈..@v.≈#.#
#≈.###.≈#.#
+..# #..')#
#≈.###.≈#.#
#≈.....≈#.#
#≈≈≈.≈≈≈#.#
####+####.#
#.#....#####
#...>.........


You could see a kobold brigand (ally target) and a wight (ally target).

Vanquished Creatures
  Prince Ribbit (D:6)
  A water moccasin (D:9)
  2 ice beasts
  A sky beast (D:7)
  A black bear (D:6)
  2 ogres
  2 centaurs
  A phantom (D:5)
  A kobold brigand (D:8)
  A bullfrog (D:8)
  2 scorpions
  3 wights (D:8)
  5 killer bees (D:9)
  4 howler monkeys
  A hound (D:6)
  2 orc priests
  A jelly (D:5)
  2 iguanas (D:5)
  2 orc wizards
  2 adders
  2 white imps (D:6)
  A worm (D:3)
  17 orcs
  3 bats
  7 endoplasms
  2 giant cockroaches (D:1)
  5 goblins
  5 hobgoblins
  19 kobolds
  5 quokkas
  6 ball pythons
  A frilled lizard (D:2)
  7 rats
117 creatures vanquished.

Vanquished Creatures (collateral kills)
  A foxfire (D:1)
1 creature vanquished.

Vanquished Creatures (others)
  302 foxfires
  4 fungi (D:1)
  3 plants (D:1)
  A withered plant (D:1)
310 creatures vanquished.

Grand Total: 428 creatures vanquished

Notes
Turn   | Place    | Note
-------+----------+-------------------------------------------
     0 | D:1      | kae the Demigod Fire Elementalist began the quest for the
                  | Orb.
     0 | D:1      | Reached XP level 1. HP: 14/14 MP: 5/5
   156 | D:1      | Reached skill level 1 in Conjurations
   168 | D:1      | Reached skill level 3 in Fire Magic
   354 | D:1      | Reached XP level 2. HP: 17/20 MP: 2/7
   417 | D:1      | Learned a level 2 spell: Scorch
  1432 | D:2      | Reached XP level 3. HP: 26/26 MP: 4/8
  1436 | D:2      | Learned a level 3 spell: Conjure Flame
  2744 | D:3      | Reached XP level 4. HP: 33/33 MP: 3/10
  3274 | D:3      | Reached skill level 4 in Fire Magic
  3324 | D:3      | Found Majov's Weapon Boutique.
  4554 | D:4      | Reached XP level 5. HP: 38/38 MP: 11/11
  4643 | D:5      | Entered Level 5 of the Dungeon
  4809 | D:5      | Learned a level 3 spell: Inner Flame
  4905 | D:5      | Noticed a centaur
  4917 | D:5      | Killed a centaur
  4918 | D:5      | Reached skill level 5 in Fire Magic
  4918 | D:5      | Reached XP level 6. HP: 41/45 MP: 6/13
  5354 | D:5      | Reached XP level 7. HP: 50/50 MP: 8/15
  5498 | D:5      | Learned a level 4 spell: Flame Wave
  5534 | D:6      | Found a staircase to the Ecumenical Temple.
  5598 | D:6      | Reached skill level 6 in Fire Magic
  6426 | D:7      | Noticed Prince Ribbit
  6438 | D:6      | Killed Prince Ribbit
  6439 | D:6      | Reached skill level 7 in Fire Magic
  6439 | D:6      | Reached XP level 8. HP: 7/57 MP: 3/18
  6825 | D:7      | You fall into a shaft and drop 2 floors!
  6873 | D:9      | Reached skill level 1 in Fighting
  6885 | D:9      | Noticed a brown ugly thing
  6895 | D:9      | Noticed a troll
  6918 | D:9      | Reached skill level 5 in Conjurations
  6940 | D:9      | Reached skill level 5 in Spellcasting
  7193 | D:8      | Slain by a wight

Illustrated notes

Levels and vault maps discovered:
D:1:      dpeg_arrival_connections, layout_loops_ring,
          shapermc_ecumenical_altar_gd
D:2:      layout_basic
D:3:      layout_basic, serial_shops, nicolae_shop_bloodbath_and_beyond
D:4:      layout_basic, kennysheep_little_box, old_standard_altar,
          mainiacjoe_overflow_alcove_4
D:5:      layout_rooms, nicolae_ashenzari_panopticon
D:6:      layout_loops_ring, lemuel_crystal_altar, temple_fountains
D:7:      layout_rooms, trog_three_pillars_becter, general_overflow_altar,
          roderic_lattice_a, grunt_ministairs_9, uniq_prince_ribbit1
D:8:      minmay_imperfect_grid, layout_rooms, kennysheep_generic_room_11
D:9:      layout_rooms, lemuel_coloured_pillars_altar

Skill      XL: |  1  2  3  4  5  6  7  8 |
---------------+-------------------------+-----
Conjurations   | 1 2 3 4 5 |  5.3
Fire Magic     | 3 4 5 7 |  7.7
Spellcasting   | 2 3 4 5 |  5.1
Dodging        | 3 |  3.1
Fighting       | 2 |  2.3
Stealth        | |  1.7

Action                   |  1- 3 |  4- 6 |  7- 9 || total
-------------------------+-------+-------+-------++-------
Melee: Unarmed           |     9 |       |       ||     9
       Rapier            |     2 |     3 |     5 ||    10
 Cast: Foxfire           |    69 |    76 |    34 ||   179
       Scorch            |    14 |    21 |    26 ||    61
       Conjure Flame     |       |     1 |     1 ||     2
       Flame Wave        |       |       |     5 ||     5
       Inner Flame       |       |       |     1 ||     1
  Use: Scroll            |     7 |     4 |     7 ||    18
       Potion            |     1 |       |     3 ||     4
 Stab: Sleeping          |       |     1 |     1 ||     2
Armor: Robe              |     2 |     9 |    16 ||    27
Dodge: Dodged            |    27 |    24 |    31 ||    82

Table legend: (Time is in decaauts)
 A = Elapsed time spent in this place.
 B = Non-inter-level travel time spent in this place.
 C = Inter-level travel time spent in this place.
 D = Time resting spent in this place.
 E = Time spent auto-exploring this place.
 F = Levels seen in this place.
 G = Mean time per level.
                   A        B        C        D        E       F      G
               +--------+--------+--------+--------+--------+-----+--------+
         Total |   7192 |   7047 |    145 |     48 |   6094 |   9 |  799.1 |
       Dungeon |   7192 |   7047 |    145 |     48 |   6094 |   9 |  799.1 |
               +--------+--------+--------+--------+--------+-----+--------+

Top non-repeatable levels by time:
     D:3: 1794 daAuts
     D:6: 1192 daAuts
     D:1: 1160 daAuts
     D:5: 863 daAuts
     D:2: 851 daAuts
     D:4: 835 daAuts
     D:9: 315 daAuts
     D:7: 126 daAuts
     D:8: 52 daAuts
